 Dungeon Crawl Stone Soup version 0.22.0-49-gab54619674 (webtiles) character file.

235 RealIsaac the Chopper (level 5, 0/49 HPs)
             Began as a Deep Dwarf Berserker on Sept 4, 2018.
             Was a Priest of Trog.
             Slain by an orc priest
             ... wielding a +0 whip
              (4 damage)
             ... on level 4 of the Dungeon.
             The game lasted 00:09:52 (3746 turns).

RealIsaac the Chopper (Deep Dwarf Berserker)        Turns: 3746, Time: 00:09:53

Health: 0/49       AC:  3    Str: 21    XL:     5   Next: 76%
Magic:  0/0        EV: 13    Int:  8    God:    Trog [***...]
Gold:   20         SH:  0    Dex: 12    Spells: 4/4 levels left

rFire    . . .     SeeInvis .   r - +0 war axe
rCold    . . .     Gourm    .   (no shield)
rNeg     . . .     Faith    .   b - +0 animal skin
rPois    .         Spirit   .   (no helmet)
rElec    .         Reflect  .   w - +0 cloak
rCorr    .         Harm     .   (no gloves)
MR       .....                  (no boots)
Stlth    ++........             (no amulet)
HPRegen  0.00/turn              (no ring)
MPRegen  0.07/turn              (no ring)

@: non-regenerating
A: damage resistance, heal wounds, sense surroundings 1, no regeneration
a: Heal Wounds, Berserk, Trog's Hand, Renounce Religion


You were on level 4 of the Dungeon.
You worshipped Trog.
Trog was most pleased with you.
You were not hungry.

You visited 1 branch of the dungeon, and saw 4 of its levels.

You collected 62 gold pieces.
You spent 42 gold pieces at shops.

Inventory:

Hand Weapons
 a - a +0 hand axe
 p - a +4 hunting sling
 r - a +0 war axe (weapon)
Missiles
 j - 2 poisoned tomahawks (quivered)
 t - 2 silver tomahawks
Armour
 b - a +0 animal skin (worn)
 w - a +0 cloak (worn)
Jewellery
 m - an uncursed ring of resist corrosion {unknown}
Wands
 f - a wand of paralysis (10)
 u - a wand of iceblast (9)
Scrolls
 d - 4 scrolls of teleportation {unknown}
 h - 2 scrolls of fog {unknown}
 k - 3 scrolls of enchant armour {unknown}
 l - 5 scrolls of identify {unknown}
 n - 2 scrolls of remove curse {unknown}
 o - a scroll of fear {unknown}
 q - a scroll of immolation {unknown}
 s - 3 scrolls of magic mapping {unknown}
Potions
 e - 2 potions of curing {unknown}
 g - a potion of heal wounds {unknown}
 i - a potion of berserk rage {unknown}
 v - 2 potions of lignification {unknown}
Comestibles
 c - 8 rations


   Skills:
 + Level 3.5 Fighting
 + Level 5.5 Axes
 + Level 2.3 Armour
 + Level 3.7 Dodging
 + Level 1.4 Stealth


You had 4 spell levels left.
You didn't know any spells.
Your spell library contained the following spells:

 Spells                   Type           Power        Failure   Level  Hunger
 Confusing Touch          Hex            #.....       41%         1    ##.....
 Confuse                  Hex            #.......     78%         3    ####...
 Gell's Gravitas          Tloc           #.........   78%         3    ####...
 Petrify                  Tmut/Erth      #.......     99%         4    #####..
 Metabolic Englaciation   Hex/Ice        #.........   100%        5    ######.
 Yara's Violent Unravell  Hex/Tmut       #.........   100%        5    ######.


Dungeon Overview and Level Annotations

Branches:
Dungeon (4/15)
 Temple: D:4-7

Altars:
Ashenzari
Gozag
Makhleb
Okawaru
Qazlal
Vehumet

Shops:
D:4 (


Innate Abilities, Weirdness & Mutations

You are resistant to damage.
You can heal yourself by infusing magical energy.
You passively map a small area around you.
You do not regenerate.


Message History

You are no longer poisoned.
The orc priest barely misses you.
You hit the orc priest but do no damage.
The orc priest hits you with a whip.
* * * LOW HITPOINT WARNING * * *
You hit the orc priest.
The orc priest is heavily wounded.
The orc priest hits you but does no damage.
You barely miss the orc priest.
The orc priest is heavily wounded.
The orc priest barely misses you. The orc priest closely misses you.
You closely miss the orc priest.
The orc priest is heavily wounded.
Your skin stops crawling.
You feel less resistant to hostile enchantments.
The orc priest looks braver for a moment.
You hit the orc priest.
The orc priest is almost dead.
The orc priest hits you with a whip.
You die...

#.#..#....#.# .# #..#8#
#.#..#....#.# *.# ##.#.#
#.#..#.####<# ##.######* #.#.#
#.#..#.# ### #........ #.#∩#
#.#..#.# #......!. #.#.# #.#..#.#
#........, #...#
#.#..#.#########........ ##.8#
#.#...........))........ * #..#
#.##.#.########o@........###..#
#....#.# ....................>#
######.#########.$.......####.#
..(....#......##........ #.###
########.####.##.......!,* #...#
..........# #.###############....
########..###.####...............
#..##.....#.#####..#.♣.♣.#
#..##...........#.........


You could see an orc priest.

Vanquished Creatures
  A crimson imp (D:3)
  Natasha (D:4)
  8 adders
  5 worms
  5 leopard geckos
  11 orcs
  7 bats
  2 giant cockroaches
  6 goblins
  9 hobgoblins
  4 kobolds
  2 quokkas
  5 frilled lizards
  22 rats
88 creatures vanquished.

Notes
Turn   | Place    | Note
-------+----------+-------------------------------------------
     0 | D:1      | RealIsaac the Deep Dwarf Berserker began the quest for the
                  | Orb.
     0 | D:1      | Reached XP level 1. HP: 20/20 MP: 1/1
   120 | D:1      | Reached XP level 2. HP: 24/27 MP: 2/2
   952 | D:2      | Reached skill level 4 in Axes
   952 | D:2      | Reached XP level 3. HP: 26/34 MP: 3/3
  1059 | D:2      | Reached ** piety under Trog
  1071 | D:2      | Found a stormy altar of Qazlal.
  1356 | D:2      | Found a shattered altar of Ashenzari.
  1356 | D:2      | Found an opulent altar of Gozag.
  1752 | D:2      | Reached XP level 4. HP: 41/42 MP: 1/1
  2517 | D:3      | Reached skill level 1 in Stealth
  2594 | D:3      | Found a radiant altar of Vehumet.
  2594 | D:3      | Found a burning altar of Makhleb.
  2632 | D:3      | Reached XP level 5. HP: 25/49 MP: 2/2
  2844 | D:3      | Reached skill level 5 in Axes
  3347 | D:4      | Found an iron altar of Okawaru.
  3432 | D:4      | Found Bif Imma's Weapon Boutique.
  3444 | D:4      | Bought a +0 war axe for 42 gold pieces
  3512 | D:4      | Noticed Natasha
  3520 | D:4      | Killed Natasha
  3722 | D:4      | Reached *** piety under Trog
  3739 | D:4      | HP: 1/49 [orc priest/divine providence (9)]
  3746 | D:4      | Slain by an orc priest

Skill      XL: |  1  2  3  4  5 |
---------------+----------------+-----
Fighting       | 3 |  3.5
Axes           | 4 5 |  5.5
Dodging        | 3 |  3.7
Stealth        | 1 |  1.4
Armour         | |  2.3

Action                   |  1- 3 |  4- 6 || total
-------------------------+-------+-------++-------
Melee: Hand axe          |   126 |   145 ||   271
       War axe           |       |    36 ||    36
Invok: Trog's Hand       |       |     1 ||     1
 Abil: Heal Wounds       |     6 |     4 ||    10
 Stab: Sleeping          |       |     2 ||     2
  Eat: Chunk             |     1 |     3 ||     4
       Ration            |     1 |     1 ||     2
Armor: Animal skin       |    31 |    32 ||    63
Dodge: Dodged            |   120 |   137 ||   257
